 Dungeon Crawl Stone Soup version 0.22-a0-99-g1ac4c55 (webtiles) character file.

60 Gorglomux the Ducker (level 3, 0/17 HPs)
             Began as a Spriggan Transmuter on Jan 25, 2018.
             Slain by a quokka (3 damage)
             ... on level 2 of the Dungeon.
             The game lasted 00:07:48 (1746 turns).

Gorglomux the Ducker (Spriggan Transmuter)          Turns: 1746, Time: 00:07:49

Health: 0/17       AC:  2    Str:  6    XL:     3   Next: 82%
Magic:  8/8        EV: 19    Int: 15    God:
Gold:   80         SH:  0    Dex: 16    Spells: 4/7 levels left

rFire    . . .     SeeInvis +   l - +2 dagger (elec)
rCold    . . .     Gourm    .   (shield restricted)
rNeg     . . .     Faith    .   b - +0 robe
rPois    .         Spirit   .   (helmet restricted)
rElec    .         Reflect  .   (no cloak)
rCorr    .         Harm     .   (gloves unavailable)
MR       .....                  (boots unavailable)
Stlth    ++........             (no amulet)
HPRegen  0.05/turn              (no ring)
MPRegen  0.11/turn              (no ring)

@: appendage (expiring), very quick
A: very small, unfitting armour, horns 2, see invisible, herbivore, speed 3,
slow metabolism 2
a: End Transformation


You were on level 2 of the Dungeon.
You were not hungry.
You had grown temporary horns.
You visited 1 branch of the dungeon, and saw 2 of its levels.

You collected 80 gold pieces.

Inventory:

Hand Weapons
 l - a +2 dagger of electrocution (weapon)
Missiles
 a - 7 arrows
Armour
 b - a +0 robe (worn)
Scrolls
 h - a scroll of identify {unknown}
 T - a scroll of teleportation
Potions
 f - a potion of degeneration {unknown}
Books
 c - a book of Changes

   Spells                             Type                      Level
   a - Beastly Appendage              Transmutation                1
   b - Sticks to Snakes               Transmutation                2
   c - Spider Form                    Transmutation/Poison         3
   d - Ice Form                       Ice/Transmutation            4
   e - Blade Hands                    Transmutation                5
Comestibles
 d - 5 rations


   Skills:
 - Level 0.7 Fighting
 + Level 4.3 Dodging
 + Level 3.1 Stealth
 - Level 2.4 Unarmed Combat
 - Level 2.6 Spellcasting
 + Level 3.9 Transmutations


You had 4 spell levels left.
You knew the following spells:

 Your Spells              Type           Power        Failure   Level  Hunger
a - Beastly Appendage     Tmut           ##....       4%          1    #......
b - Sticks to Snakes      Tmut           ##......     6%          2    ##.....


Dungeon Overview and Level Annotations

Branches:
Dungeon (2/15)

Altars:
Elyvilon


Innate Abilities, Weirdness & Mutations

You are very small and have problems with some larger weapons.
You are too small for most types of armour.
You have supernaturally acute eyesight. (SInv)
You are a herbivore.
You cover ground extremely quickly.
You need consume almost no food.
You have a pair of horns on your head.


Message History

You are too injured to fight recklessly!!!
Butt are too injured to fight recklessly!!!
You are too injured to fight recklessly!!!
You are too injured to fight recklessly!!!
You stick the quokka like a butt!
The quokka is heavily wounded!
The quokka closely misses you!
You perforate the quokka like a sieve!
You headbutt the quokka, but do no damage!
The quokka is almost dead!
The quokka completely misses you!
You butt-ly miss the quokka!
The quokka is almost dead!
The quokka completely misses you!
You closely miss the quokka! Your headbutt misses the quokka!
The butt is severely wounded!
The quokka bites you! * * * don't die
* * * The quokka bites you! rip

##...#.⌠.⌠.#.# #....
####
#..#.........###.###
...#
###.##.#.....#.##..#
...#
...##............####
...#
#...............>()÷.
.###
##..###########...####
.###########....##
##..####
.##............r.###
##..=).#.
....########.###@..#
##...S.(.. ..### #.#
###..# #...(..... ...
..# .# #....(.... ....
#.## # #..........
...(. #. #..........
...... .. ............
w....## .#
..##........ .....#
##..(..#. ########


You could see a quokka.

Vanquished Creatures
  2 adders
  A worm (D:1)
  A dart slug (D:1)
  A leopard gecko (D:1)
  3 bats
  2 giant cockroaches
  10 goblins
  4 hobgoblins
  3 frilled lizards
  3 kobolds
  4 rats
34 creatures vanquished.

Vanquished Creatures (collateral kills)
  An adder (D:2)
  A dart slug (D:2)
2 creatures vanquished.

Grand Total: 36 creatures vanquished

Notes
Turn   | Place    | Note
-------+----------+-------------------------------------------
     0 | D:1      | Gorglomux the Spriggan Transmuter began the quest for the Orb.
     0 | D:1      | Reached XP level 1. HP: 9/9 MP: 5/5
   150 | D:1      | Reached skill level 1 in Stealth
   360 | D:1      | Reached skill level 3 in Transmutations
   452 | D:1      | Reached XP level 2. HP: 14/14 MP: 4/6
   895 | D:1      | Learned a level 2 spell: Sticks to Snakes
  1134 | D:1      | Reached XP level 3. HP: 16/17 MP: 4/8
  1223 | D:2      | Reached skill level 4 in Dodging
  1594 | D:2      | Found a white marble altar of Elyvilon.
  1740 | D:2      | Reached skill level 3 in Stealth
  1746 | D:2      | Slain by a quokka

Vault maps used:
D:1:      minmay_arrival_four_houses, solitary_fountain
D:2:      elyvilon_altar_5

Skill      XL: |  1  2  3 |
---------------+----------+-----
Stealth        | 1 2 3 |  3.1
Transmutations | 3 |  3.9
Dodging        | 4 |  4.3
Fighting       | |  0.7
Unarmed Combat | |  2.4
Spellcasting   | |  2.6

Action                   || total
-------------------------++-------
Melee: Unarmed           ||   127
       Kick              ||    14
       Headbutt          ||     9
       Dagger            ||    19
       Punch             ||     1
 Cast: Beastly Appendage ||    19
       Sticks to Snakes  ||     5
  Use: Scroll            ||     4
 Stab: Sleeping          ||     3
       Distracted        ||     1
Armor: Robe              ||    18
Dodge: Dodged            ||   139

Table legend:
 A = Spawn XP
 B = Non-spawn XP
 C = Spawn XP percentage of total XP
 D = Spawn monster count
 E = Non-spawn monster count
 F = Spawn count percentage of total count
 G = Total turns spent on level
                    A         B        C        D         E        F      G
               +---------+---------+-------+---------+---------+-------+---------
         Total |       0 |      87 |   0.0 |       0 |      36 |   0.0 |  1746
               +---------+---------+-------+---------+---------+-------+---------
           D:1 |       0 |      42 |   0.0 |       0 |      17 |   0.0 |  1288
           D:2 |       0 |      45 |   0.0 |       0 |      19 |   0.0 |   458
               +---------+---------+-------+---------+---------+-------+---------
